 Dungeon Crawl Stone Soup version 0.31.0-11-ge490571c62 (webtiles) character file.

Game seed: 8518621166854879996

99 qw the Shooter (level 4, 0/23 HPs)
             Began as a Spriggan Hunter on Feb 4, 2024.
             Slain by Grinder (10 damage)
             ... on level 3 of the Dungeon.
             The game lasted 00:00:05 (1708 turns).

qw the Shooter (Spriggan Hunter)                    Turns: 1708, Time: 00:00:06

Health: 0/23       AC:  2    Str:  7    XL:     4   Next: 45%
Magic:  5/5        EV: 19    Int: 10    God:
Gold:   89         SH:  0    Dex: 18    Spells: 3/3 levels left

rFire   . . .        a - +0 shortbow
rCold   . . .        (shield currently unavailable)
rNeg    . . .        c - +0 robe
rPois   .            (helmet restricted)
rElec   .            (no cloak)
rCorr   .            (gloves unavailable)
SInv    +            (boots unavailable)
Will    .....        (no amulet)
Stlth   ++           (no ring)
HPRegen 0.23/turn    (no ring)
MPRegen 0.09/turn

%: no passive effects
@: very quick
A: very small, no large weapons, unfitting armour, see invisible, speed 3,
hooves 1, clumsy 1
a: no special abilities


You were on level 3 of the Dungeon.
You visited 1 branch of the dungeon, and saw 3 of its levels.

You collected 131 gold pieces.
You spent 42 gold pieces at shops.


Innate Abilities, Weirdness & Mutations

You are very small and have problems with some larger weapons.
You are too small for most types of armour.
You have supernaturally acute eyesight. (SInv)
You cover ground extremely quickly. (Speed+++)
You have large cloven feet.
You are clumsy. (Dex -2)


   Skills:
 + Level 1.6 Fighting
 - Level 5.0 Ranged Weapons
 - Level 4.8 Dodging
 - Level 1.5 Stealth


You had 3 spell levels left.
You didn't know any spells.
Your spell library was empty.

Inventory:

Hand Weapons
 a - a +0 shortbow (weapon)
Armour
 c - a +0 robe (worn)
Jewellery
 i - a ring of protection from cold
Potions
 b - a potion of curing
 d - a potion of might
 e - a potion of mutation
 f - a potion of attraction {unknown}
 g - a potion of heal wounds {unknown}
 h - a potion of lignification {unknown}
 k - a potion of invisibility {unknown}

Dungeon Overview and Level Annotations

Branches:
Dungeon (3/15)

Altars:

Shops:
D:2 !==

Annotations:
D:3 Grinder


Message History

You now have 89 gold pieces (gained 5).
Grinder comes into view.
Grinder shouts!
You shoot an arrow. The arrow barely misses Grinder.
Grinder gestures at you. You resist with some effort.
You shoot an arrow. The arrow hits Grinder.
Grinder is lightly wounded.
You shoot an arrow. The arrow hits Grinder.
Grinder is moderately wounded.
You shoot an arrow. The arrow barely misses Grinder.
Grinder blinks!
You shoot an arrow. The arrow closely misses Grinder.
You shoot an arrow. The arrow barely misses Grinder.
You shoot an arrow. The arrow hits Grinder.
Grinder is moderately wounded.
Grinder blinks!
You shoot an arrow.
The arrow hits Grinder but does no damage.
Grinder is moderately wounded.
Grinder blinks!
You shoot an arrow. The arrow closely misses Grinder.
You shoot an arrow. The arrow barely misses Grinder.
You shoot an arrow.
The arrow hits Grinder but does no damage.
Grinder is moderately wounded.
You shoot an arrow. The arrow barely misses Grinder.
You shoot an arrow. The arrow hits Grinder!
Grinder is heavily wounded.
Grinder gestures at you. You resist with some effort.
You shoot an arrow. The arrow closely misses Grinder.
Grinder hits you! Grinder completely misses you.
You shoot an arrow. The arrow hits Grinder!
Grinder is severely wounded.
Grinder hits you.
You shoot an arrow. The arrow completely misses Grinder.
Grinder hits you!
You die...
Grinder says, "Hey, I wasn't done torturing you yet!"

## .# # .# >#.# #
####.#. .# ..#...
.. ..#..#.# .##...
..#.## ##########
.....# ......5..#
..#..# #@# .##..#
#.#
.##..###########.##
.##...............#
.##################
.# ##


You could see Grinder.

Vanquished Creatures
  Terence (D:2)
  Jessica (D:2)
  6 ball pythons
  10 endoplasms
  A giant cockroach (D:2)
  2 goblins
  4 hobgoblins
  A quokka (D:2)
  5 bats
  5 frilled lizards
  6 kobolds
  3 rats
45 creatures vanquished.

Notes
Turn   | Place    | Note
-------+----------+-------------------------------------------
     0 | D:1      | qw the Spriggan Hunter began the quest for the Orb.
     0 | D:1      | Reached XP level 1. HP: 10/10 MP: 2/2
     0 | D:1      | 0 ||| qw: Version: 0.3-a-160-g6735b56
     0 | D:1      | 0 ||| qw: Game counter: 5058
     0 | D:1      | 0 ||| qw: Melee chars always use a shield: true
     0 | D:1      | 0 ||| qw: God list: Okawaru
     0 | D:1      | 0 ||| qw: Allow faded altars: false
     0 | D:1      | 0 ||| qw: Do Orc after clearing Dungeon:15 true
     0 | D:1      | 0 ||| qw: Do second Lair branch before Depths: true
     0 | D:1      | 0 ||| qw: Lair rune preference: random
     0 | D:1      | 0 ||| qw: Goals: Normal
     0 | D:1      | 0 ||| PLANNING D:1-11
    59 | D:1      | Reached skill level 3 in Dodging
   158 | D:1      | Reached XP level 2. HP: 14/14 MP: 3/3
   576 | D:1      | 576 ||| READING 2 scrolls labelled BES PEITHEMP.
   580 | D:1      | 580 ||| READING scroll labelled UFEAGI EZA.
   581 | D:1      | 581 ||| READING 2 scrolls labelled MUINWIJAUR.
   582 | D:1      | 582 ||| DROPPING scroll of butterflies.
   583 | D:1      | 583 ||| DROPPING scroll of revelation.
   626 | D:2      | 626 ||| STAIRDANCE
   630 | D:1      | Reached XP level 3. HP: 17/18 MP: 4/4
   634 | D:2      | 634 ||| STAIRDANCE
   689 | D:2      | Found Zujuc's Distillery.
   697 | D:2      | 697 ||| BUYING potion of curing (42 gold).
   697 | D:2      | Bought a potion of curing for 42 gold pieces
   697 | D:2      | 697 ||| SHOPLISTING potion of enlightenment (70 gold, have
                  | 28).
   697 | D:2      | 697 ||| SHOPLISTING potion of might (56 gold, have 28).
   808 | D:2      | Noticed Terence
   816 | D:2      | HP: 3/18 [Terence/+0 vampiric short sword (7)]
   817 | D:2      | 817 ||| READING scroll of teleportation.
   954 | D:2      | Noticed Jessica
   963 | D:2      | Killed Jessica
   964 | D:2      | Reached skill level 5 in Ranged Weapons
  1099 | D:2      | Found Qampasm Diuq's Jewellery Emporium.
  1107 | D:2      | 1107 ||| SHOPLISTING +6 ring of dexterity (468 gold, have
                  | 41).
  1107 | D:2      | 1107 ||| SHOPLISTING amulet of reflection (390 gold, have
                  | 41).
  1201 | D:2      | Found Goene's Jewellery Shoppe.
  1204 | D:2      | 1204 ||| SHOPLISTING +5 ring of evasion (504 gold, have
                  | 57).
  1204 | D:2      | 1204 ||| SHOPLISTING amulet of the acrobat (420 gold, have
                  | 57).
  1204 | D:2      | 1204 ||| SHOPLISTING ring of Depeoddunu {Fly Str+3} (431
                  | gold, have 57).
  1204 | D:2      | 1204 ||| SHOPLISTING ring of ice (350 gold, have 57).
  1204 | D:2      | 1204 ||| SHOPLISTING ring of protection from cold (350
                  | gold, have 57).
  1204 | D:2      | 1204 ||| SHOPLISTING ring of resist corrosion (280 gold,
                  | have 57).
  1410 | D:2      | Reached XP level 4. HP: 22/22 MP: 5/5
  1452 | D:2      | Killed Terence
  1484 | D:2      | 1484 ||| READING 2 scrolls labelled BACZICK TUSMEU.
  1485 | D:2      | 1485 ||| READING scroll labelled JEG YZOACESOE.
  1486 | D:2      | 1486 ||| READING scroll labelled UTHERO PUVIPLI.
  1529 | D:2      | 1529 ||| DRINKING 2 puce potions.
  1530 | D:2      | 1530 ||| DRINKING 2 emerald potions.
  1530 | D:2      | Gained mutation: You have large cloven feet. [potion of
                  | mutation]
  1530 | D:2      | Gained mutation: You are dopey. (Int -2) [potion of
                  | mutation]
  1530 | D:2      | Gained mutation: You are clumsy. (Dex -2) [potion of
                  | mutation]
  1530 | D:2      | Lost mutation: You are dopey. (Int -2) [potion of mutation]
  1531 | D:2      | 1531 ||| DROPPING scroll of fog.
  1692 | D:3      | Noticed Grinder
  1708 | D:3      | Slain by Grinder

Levels and vault maps discovered:
D:1:      psy_arrival_heroes, layout_basic
D:2:      layout_loops_corners, serial_shops, nicolae_square_shop, shop, shop,
          uniq_terence, uniq_jessica
D:3:      minmay_razor_zed, layout_basic, minmay_misc_feat_four_crosses,
          uniq_grinder

Skill      XL: |  1  2  3 |
---------------+----------+-----
Dodging        | 3 4 |  4.8
Ranged Weapons | 5 |  5.0
Fighting       | |  1.6
Stealth        | |  1.5

Action                     |  1- 3 |  4- 6 || total
---------------------------+-------+-------++-------
   Fire: Shortbow          |    95 |    44 ||   139
    Use: Scroll            |     4 |     3 ||     7
         Potion            |       |     2 ||     2
 Armour: Robe              |     8 |     7 ||    15
  Dodge: Dodged            |    21 |    18 ||    39

Table legend:
 A = Non-vault XP
 B = Vault XP
 C = Vault XP percentage of total XP
 D = Non-vault monster count
 E = Vault monster count
 F = Vault count percentage of total count
                 A         B        C        D         E       F
            +---------+---------+-------+---------+---------+-------
      Total |      64 |      78 |  54.9 |      41 |       4 |   8.9
            +---------+---------+-------+---------+---------+-------
        D:1 |      43 |       0 |   0.0 |      28 |       0 |   0.0
        D:2 |      17 |      75 |  81.5 |      11 |       2 |  15.4
        D:3 |       4 |       3 |  42.9 |       2 |       2 |  50.0
            +---------+---------+-------+---------+---------+-------
